Map: Frozen Temple

Players

Xaoras

  • Race: Zerg Zerg
  • League: Master

Miszu - Winner!

  • Race: Terran Terran
  • League: Master

VOD

Have the link to the VOD?

Description

Time

  • Played on: March 30, 2016, 3:24 p.m.
  • Length: 10:38
Show
View Real Time Build Order
Export as new Build Order

Xaoras Zerg 

Build Orders: Pool First, Muta Ling Bane 

Get SALT Encoding   

  12  0:01  Drone  
  13  0:12  Overlord  
  13  0:18  Drone  
  14  0:31  Drone x2  
  16  0:36  Drone  
  17  0:43  Extractor  
  17  0:47  Spawning Pool  
  15  0:54  Drone  
  15  0:56  Drone  
  17  1:17  Hatchery  
  16  1:20  Drone  
  17  1:28  Drone  
  18  1:37  Queen  
  20  1:40  Zergling x2  
  21  1:47  Drone  
  22  1:55  Roach Warren  
  21  2:01  Overlord  
  21  2:06  Drone  
  22  2:19  Queen  
  24  2:37  Queen  
  24  2:41  Roach x3  
  32  2:49  Drone  
  32  2:51  Overlord  
  33  3:02  Ravager x3  
  36  3:10  Drone x3  
  36  3:11  Drone  
  39  3:16  Drone x2  
  41  3:24  Drone x2  
  43  3:35  Metabolic Boost  
  43  3:36  Overlord  
  43  3:44  Drone  
  43  3:47  Overlord  
  44  3:56  Hatchery  
  44  3:57  Drone  
  44  4:00  Drone  
  44  4:01  Drone  
  46  4:05  Drone  
  46  4:06  Drone  
  46  4:09  Drone  
  49  4:10  Drone  
  49  4:17  Lair  
  50  4:21  Drone x2  
  52  4:24  Drone  
  52  4:25  Drone  
  54  4:36  Extractor, Drone x3  
  54  4:37  Extractor x2, Drone x2  
  56  4:40  Drone  
  56  4:41  Drone  
  58  4:51  Zergling x4  
  60  5:03  Overlord  
  60  5:07  Queen  
  60  5:08  Drone  
  60  5:12  Zergling x6  
  65  5:22  Spire  
  65  5:25  Overlord  
  65  5:26  Zergling x2  
  58  5:54  Queen  
  58  5:55  Queen  
  58  5:56  Queen  
  64  6:00  Zergling x10, Roach  
  64  6:01  Zergling x6  
  67  6:14  Zergling x10  
  69  6:36  Mutalisk  
  69  6:37  Mutalisk x4  
  69  6:39  Overlord  
  73  6:44  Zerg Flyer Weapons Level 1  
  73  6:49  Baneling Nest, Evolution Chamber  
  73  6:50  Evolution Chamber  
  73  6:51  Mutalisk x2  
  74  7:00  Mutalisk x3  
  80  7:09  Mutalisk  
  80  7:13  Overlord x2  
  82  7:20  Overlord  
  80  7:33  Zergling x20  
  81  7:42  Zergling x6  
  73  7:50  Zerg Melee Weapons Level 1, Centrifical Hooks, Zerg Ground Armor Level 1  
  73  7:54  Mutalisk  
  75  8:05  Drone x5  
  79  8:06  Drone x2  
  79  8:10  Mutalisk  
  79  8:12  Mutalisk  
  86  8:23  Extractor x2  
  84  8:39  Zergling x18  
  84  8:40  Zergling x2  
  94  8:55  Drone x3  
  93  8:56  Drone x3  
  93  8:59  Infestation Pit  
  97  9:09  Hatchery  
  96  9:12  Baneling x6  
  96  9:15  Zergling x4  
  82  9:49  Zergling x4  
  82  9:50  Zergling x34  
  91  9:58  Mutalisk x3  
  97  10:00  Baneling  
  97  10:01  Baneling x2  
  97  10:04  Zergling x4  
  86  10:20  Zergling x4  
  86  10:21  Zergling x6  
Show
View Real Time Build Order
Export as new Build Order

Miszu Terran - Winner!

Build Orders: Reaper Expand, MMM Bio 

Get SALT Encoding   

  12  0:00  SCV  
  13  0:12  SCV  
  14  0:18  Supply Depot  
  14  0:25  SCV  
  15  0:40  SCV  
  16  0:43  Barracks  
  16  0:45  Refinery  
  16  0:52  SCV  
  17  1:04  SCV  
  18  1:16  SCV  
  19  1:30  Orbital Command  
  19  1:31  Reaper  
  20  1:44  Command Center  
  20  1:55  Supply Depot, SCV  
  21  2:06  Barracks Reactor  
  22  2:08  SCV  
  22  2:20  Refinery, SCV  
  23  2:24  Factory  
  23  2:32  SCV  
  24  2:44  SCV  
  25  2:52  Marine x2  
  25  2:56  SCV  
  27  3:08  Orbital Command  
  27  3:09  SCV  
  27  3:11  Bunker, Factory Tech Lab  
  27  3:12  Marine x2  
  30  3:13  Starport  
  30  3:21  SCV  
  31  3:30  Marine x2  
  31  3:33  SCV  
  34  3:34  SCV  
  34  3:38  Siege Tank  
  38  3:45  SCV  
  38  3:46  SCV  
  38  3:47  Marine  
  38  3:48  Marine  
  40  3:49  Medivac  
  42  3:57  SCV  
  42  3:58  SCV  
  44  4:09  SCV  
  45  4:10  SCV  
  45  4:16  Supply Depot  
  46  4:20  Liberator  
  46  4:34  Command Center  
  46  4:37  Marine x2  
  46  4:38  Supply Depot, Siege Tank  
  54  4:52  Supply Depot  
  54  4:59  Marine  
  54  5:00  SCV x2  
  54  5:01  Barracks x2  
  57  5:12  SCV x2  
  59  5:19  Marine x2  
  59  5:20  Siege Tank  
  64  5:24  SCV x2  
  64  5:26  Refinery  
  64  5:27  Refinery  
  66  5:30  Supply Depot  
  66  5:31  Supply Depot  
  66  5:35  Starport Reactor  
  66  5:36  SCV x2  
  66  5:37  Marine x2  
  69  5:48  SCV  
  67  5:54  Marine  
  67  5:55  Marine  
  67  5:56  SCV  
  72  6:07  Barracks Tech Lab x2  
  72  6:08  SCV, Orbital Command  
  72  6:10  SCV  
  72  6:12  Marine x2, Barracks  
  72  6:13  Barracks  
  74  6:20  SCV  
  74  6:23  SCV  
  76  6:30  Marine  
  76  6:32  SCV  
  77  6:35  SCV  
  77  6:38  Marine  
  73  6:41  Marine x2  
  73  6:42  Stimpack, Combat Shields  
  73  6:44  Orbital Command  
  73  6:47  SCV  
  73  6:48  Marine  
  73  6:49  SCV  
  73  6:51  Engineering Bay  
  73  6:53  Engineering Bay  
  75  6:54  Supply Depot  
  75  6:56  Marine  
  75  6:59  Marine, SCV  
  75  7:01  SCV  
  79  7:02  Marine  
  79  7:03  Siege Tank  
  79  7:05  Barracks Reactor  
  79  7:06  Barracks Reactor, Marine  
  84  7:11  SCV  
  84  7:13  SCV  
  86  7:18  Marine  
  86  7:21  Missile Turret  
  87  7:23  Terran Infantry Weapons Level 1, SCV  
  87  7:24  Terran Infantry Armor Level 1, Missile Turret  
  87  7:25  Missile Turret  
  78  7:44  Marauder  
  71  7:45  SCV  
  71  7:46  Marine x3, SCV x2  
  71  7:48  Marine x2, Medivac  
  71  7:49  Medivac  
  83  7:54  Marine  
  83  7:58  SCV x2  
  86  7:59  Missile Turret  
  86  8:03  SCV  
  86  8:04  Marine x4  
  92  8:05  Marine  
  92  8:10  SCV x2  
  92  8:11  Armory  
  95  8:14  Supply Depot  
  95  8:15  Supply Depot, SCV  
  95  8:17  Marine x2  
  98  8:22  Marine x2, Medivac, SCV x2  
  98  8:23  Medivac  
  98  8:25  Marine  
  106  8:27  SCV  
  106  8:28  Marine x2  
  106  8:33  Bunker  
  109  8:35  Marine  
  109  8:36  SCV x2  
  109  8:37  Marine  
  109  8:40  Marine  
  114  8:41  Supply Depot  
  114  8:42  Supply Depot  
  114  8:43  Supply Depot  
  114  8:45  Supply Depot  
  110  8:50  SCV  
  110  8:51  SCV x2  
  110  8:52  Medivac  
  112  8:56  Marine x3  
  112  8:57  Marine x4  
  112  8:58  Marine  
  121  9:06  Supply Depot  
  121  9:07  Supply Depot  
  121  9:09  Supply Depot  
  123  9:10  Barracks  
  123  9:12  Barracks  
  123  9:13  Barracks  
  123  9:14  Marine x5  
  123  9:16  Medivac  
  134  9:19  Thor  
  134  9:21  Medivac  
  134  9:22  Marine  
  136  9:25  Marine  
  136  9:26  Marine  
  138  9:31  Marine  
  139  9:44  Marauder x2  
  138  9:50  Marine x6  
  138  9:51  Medivac  
  125  9:57  Marine  
  126  10:05  Marine x2  
  134  10:07  Marine  
  134  10:08  Marine  
  135  10:16  Marine x7  
Tags
 
Add a new tag
Caveats
  • Supply blocks, unpowered buildings, or Contaminate may cause inaccurate times.
  • Supply counts are checked every 10 seconds.